 Dungeon Crawl Stone Soup version 0.30-a0-924-g0ad0bf95bc (webtiles) character file.

Game seed: 4416491525481374440

70 retardedninja the Covered (level 4, -2/40 HPs)
             Began as an Armataur Fighter on Mar 22, 2023.
             Slain by an orc wizard
             ... wielding a +0 dagger
              (4 damage)
             ... on level 2 of the Dungeon.
             The game lasted 00:01:04 (657 turns).

retardedninja the Covered (Armataur Fighter)         Turns: 657, Time: 00:01:05

Health: -2/40      AC:  7    Str: 23    XL:     4   Next: 3%
Magic:  4/4        EV:  7    Int:  8    God:
Gold:   42         SH:  0    Dex: 10    Spells: 3/3 levels left

rFire   . . .      SeeInvis .    a - +0 war axe
rCold   . . .      Faith    .    c - +0 buckler
rNeg    . . .      Spirit   .    b - +0 scale mail
rPois   .          Reflect  .    (no helmet)
rElec   .          Roll     +    (no cloak)
rCorr   .                        (no gloves)
Will    .....                    (no barding) Stlth
                                 (no amulet)
HPRegen 0.26/turn                (no ring)
MPRegen 0.09/turn                (no ring)

@: confused
A: large, rugged brown scales 3, deformed body, armoured tail, roll, long
tongue, awkward tongue
a: no special abilities


You were on level 2 of the Dungeon.
You visited 1 branch of the dungeon, and saw 2 of its levels.

You collected 42 gold pieces.

Inventory:

Hand Weapons
 a - a +0 war axe (weapon)
Armour
 b - a +0 scale mail (worn)
 c - a +0 buckler (worn)
Jewellery
 f - a +6 ring of dexterity
Wands
 j - a wand of charming (11)
Scrolls
 e - a scroll of amnesia {unknown}
 g - a scroll of identify {unknown}
 i - a scroll of enchant armour {unknown}
Potions
 d - a potion of might


   Skills:
 + Level 3.1 Fighting
 * Level 2.5 Axes
 + Level 4.2 Armour
 + Level 3.8 Shields


You had 3 spell levels left.
You didn't know any spells.
Your spell library contained the following spells:

 Spells                   Type           Power      Damage    Failure   Level
 Freeze                   Ice            0%         1d3       78%         1
 Frozen Ramparts          Ice            0%         1d1       98%         3
 Hailstorm                Conj/Ice       0%         3d3       98%         3


Dungeon Overview and Level Annotations

Branches:
Dungeon (2/15)

Altars:
Cheibriados


Innate Abilities, Weirdness & Mutations

You are completely covered in rugged brown scales. (AC +3, +7% HP)
Armour fits poorly on your strangely shaped body.
You have a long armoured tail.
You roll when moving toward enemies. (Rampage)
Your long tongue fully drains potion bottles. (2x potion effects)
Your tongue gives you trouble enunciating. (1.5x scroll delay)


Message History

Something hits you but does no damage.
You hear some strange, mumbled words.
You are more confused.
Unknown command.
You closely miss something.
Your tail-slap misses something.
Something hits you but does no damage.
Unknown command.
You're too confused to move!
An orc wizard appears from thin air!
Reactivating autopickup.
The orc wizard hits you with a +0 dagger.
Unknown command.
You bump into the stone wall.
The orc wizard hits you but does no damage.
Unknown command.
You bump into the granite statue.
The orc wizard casts a spell at you. The magic dart hits you!
* * * LOW HITPOINT WARNING * * *
Unknown command.
You hit the orc wizard.
The orc wizard is severely wounded.
The orc wizard casts a spell.
The orc wizard flickers and vanishes!
Deactivating autopickup; reactivate with Ctrl-A.
Unknown command.
You're too confused to move!
Something hits you but does no damage.
Unknown command.
You bump into the stone wall.
Something hits you but does no damage.
Unknown command.
You completely miss something.
You hear some strange, mumbled words.
A magic dart appears from out of thin air!
The magic dart hits you.
* * * LOW HITPOINT WARNING * * *
You hear some strange, mumbled words.
A magic dart appears from out of thin air!
The magic dart hits you.
* * * LOW HITPOINT WARNING * * *
You miss something. Something hits you.
You die...

.........### #.#
........ #.#
#...#########.#
#.............#
#...###########
......#..####
.#.#####....####
# #...).......
#.#@{)....#. #
#)8...8.#
#.......#
#.......#
#.......#
#.8...8.#
#.......#
##.....##


There were no monsters in sight!

Vanquished Creatures
  An orc priest (D:2)
  An adder (D:2)
  An orc (D:2)
  A ball python (D:1)
  5 bats (D:1)
  2 endoplasms (D:1)
  A giant cockroach (D:1)
  A hobgoblin (D:1)
  6 jackals
  2 frilled lizards (D:1)
  3 goblins (D:1)
  2 kobolds (D:1)
  4 rats (D:1)
30 creatures vanquished.

Vanquished Creatures (others)
  2 orcs (D:2)
2 creatures vanquished.

Grand Total: 32 creatures vanquished

Notes
Turn   | Place    | Note
-------+----------+-------------------------------------------
     0 | D:1      | retardedninja the Armataur Fighter began the quest for the
                  | Orb.
     0 | D:1      | Reached XP level 1. HP: 19/19 MP: 1/1
    84 | D:1      | Reached XP level 2. HP: 26/26 MP: 2/2
   524 | D:2      | Reached skill level 4 in Armour
   524 | D:2      | Reached XP level 3. HP: 31/32 MP: 3/3
   535 | D:2      | Found a snail-covered altar of Cheibriados.
   638 | D:2      | Reached XP level 4. HP: 28/40 MP: 4/4
   656 | D:2      | HP: 1/40 [something/magic dart (6)]
   657 | D:2      | Slain by an orc wizard

Illustrated notes

Levels and vault maps discovered:
D:1:      tarquinn_simple_flora_water_f, layout_rooms
D:2:      cheibrodos_pilgrimage, layout_basic, basic_altar, serial_shops, shop

Skill      XL: |  1  2  3 |
---------------+----------+-----
Axes           | 2 |  2.5
Armour         | 4 |  4.2
Fighting       | 3 |  3.1
Shields        | |  3.8

Action                     |  1- 3 |  4- 6 || total
---------------------------+-------+-------++-------
  Melee: War axe           |    76 |    15 ||    91
         Tailslap          |    10 |       ||    10
  Evoke: Wand              |     2 |       ||     2
    Use: Potion            |     1 |       ||     1
 Armour: Scale mail        |    59 |    12 ||    71
  Dodge: Dodged            |    26 |     1 ||    27
  Block: Buckler           |    17 |     1 ||    18

Table legend: (Time is in decaauts)
 A = Elapsed time spent in this place.
 B = Non-inter-level travel time spent in this place.
 C = Inter-level travel time spent in this place.
 D = Time resting spent in this place.
 E = Time spent auto-exploring this place.
 F = Levels seen in this place.
 G = Mean time per level.
                   A        B        C        D        E       F      G
               +--------+--------+--------+--------+--------+-----+--------+
         Total |    695 |    677 |     18 |      0 |    485 |   2 |  347.5 |
       Dungeon |    695 |    677 |     18 |      0 |    485 |   2 |  347.5 |
               +--------+--------+--------+--------+--------+-----+--------+

Top non-repeatable levels by time:
     D:1: 537 daAuts
     D:2: 158 daAuts
